SAA
LANCASTER FARMERS @ VIRGINIA BEACH WHALES
07/02/2042
 
TOP OF THE 1ST
Lancaster Farmers batting - Pitching for Virginia Beach Whales : LHP Remco Mansvelt
Pitching: LHP Remco Mansvelt
Batting: RHB Raúl Bravo 0-0: Foul Ball, location: 2F
0-1: Swinging Strike
0-2: Strikes out looking
Batting: LHB Conrad Overdevest 0-0: Called Strike
0-1: Foul Ball, location: 2F
0-2: Ground out 2-3 (Groundball, 13S, EV 66.9 MPH)
Batting: RHB Archie Pittman 0-0: Called Strike
0-1: Called Strike
0-2: Foul Ball, location: 2F
0-2: Foul Ball, location: 2F
0-2: Ground out 5-3 (Groundball, 56, EV 85.6 MPH)
Top of the 1st over - 0 runs, 0 hits, 0 errors, 0 left on base; Lancaster 0 - Virginia Beach 0
BOTTOM OF THE 1ST
Virginia Beach Whales batting - Pitching for Lancaster Farmers : RHP John Jamieson
Pitching: RHP John Jamieson
Batting: RHB Daniel MacKinder 0-0: Ball
1-0: Foul Ball, location: 2F
1-1: Fly out, F1 (Line Drive, P, EV 61.2 MPH)
Batting: RHB Nick Harper 0-0: Called Strike
0-1: Ground out 6-3 (Groundball, 6, EV 90.6 MPH)
Batting: RHB Óscar Cardozo 0-0: Ball
1-0: Swinging Strike
1-1: Called Strike
1-2: Ball
2-2: Strikes out swinging
Bottom of the 1st over - 0 runs, 0 hits, 0 errors, 0 left on base; Lancaster 0 - Virginia Beach 0
TOP OF THE 2ND
Lancaster Farmers batting - Pitching for Virginia Beach Whales : LHP Remco Mansvelt
Batting: RHB António Andrés 0-0: Called Strike
0-1: Called Strike
0-2: Strikes out swinging
Batting: LHB Alex Joly 0-0: Ball
1-0: Called Strike
1-1: Ball
2-1: Foul Ball, location: 2F
2-2: Ball
3-2: Ground out 1-3 (Groundball, 34S, EV 68.8 MPH)
Batting: RHB Gonzalo Perales 0-0: Ball
1-0: Ball
2-0: Ball
3-0: Called Strike
3-1: Swinging Strike
3-2: Strikes out looking
Top of the 2nd over - 0 runs, 0 hits, 0 errors, 0 left on base; Lancaster 0 - Virginia Beach 0
BOTTOM OF THE 2ND
Virginia Beach Whales batting - Pitching for Lancaster Farmers : RHP John Jamieson
Batting: RHB Todd Walker 0-0: Ball
1-0: Called Strike
1-1: Ball
2-1: Foul Ball, location: 2F
2-2: DOUBLE (Line Drive, 89XD, EV 105.6 MPH)
Batting: RHB Paul Pitts 0-0: Ball
1-0: Ball
2-0: Foul Ball, location: 2F
2-1: Fly out, F8 (Flyball, 8RM, EV 86.2 MPH)
Batting: LHB Asberry Harpending 0-0: Fly out, F8 (Flyball, 8RXD, EV 90.0 MPH)
Runner from 2nd tags up, SAFE at 3rd, no throw by CF
Batting: RHB Juan Oleastro 0-0: Ball
1-0: Called Strike
1-1: Ball
2-1: Foul Ball, location: 2F
2-2: Foul Ball, location: 2F
2-2: Foul Ball, location: 2F
2-2: Ground out 1-3 (Groundball, 34S, EV 72.5 MPH)
Bottom of the 2nd over - 0 runs, 1 hit, 0 errors, 1 left on base; Lancaster 0 - Virginia Beach 0
TOP OF THE 3RD
Lancaster Farmers batting - Pitching for Virginia Beach Whales : LHP Remco Mansvelt
Batting: RHB Jorge Núñez 0-0: Ball
1-0: Called Strike
1-1: Ball
2-1: Called Strike
2-2: Ground out 1-3 (Groundball, 13, EV 66.2 MPH)
Batting: RHB Nick O'Quigley 0-0: Swinging Strike
0-1: Called Strike
0-2: Ground out 5-3 (Groundball, 5L, EV 86.9 MPH)
Batting: RHB Fabrice Boyer 0-0: Ball
1-0: Ball
2-0: Foul Ball, location: 2F
2-1: Swinging Strike
2-2: SINGLE (Groundball, 56, EV 98.1 MPH) (infield hit)
Batting: RHB Raúl Bravo 0-0: Ball
1-0: Ball
2-0: Foul Ball, location: 2F
2-1: Called Strike
2-2: Strikes out swinging wild pitch, reaches first!
Fabrice Boyer to second
Batting: LHB Conrad Overdevest 0-0: Foul Ball, location: 2F
0-1: Foul Ball, location: 2F
0-2: Fly out, F7 (Flyball, 7LS, EV 87.5 MPH)
Top of the 3rd over - 0 runs, 1 hit, 0 errors, 2 left on base; Lancaster 0 - Virginia Beach 0
BOTTOM OF THE 3RD
Virginia Beach Whales batting - Pitching for Lancaster Farmers : RHP John Jamieson
Batting: RHB Jessie Gibbs 0-0: Fly out, F9 (Flyball, 9S, EV 93.1 MPH)
Batting: RHB Roberto González 0-0: Ball
1-0: Foul Ball, location: 2F
1-1: Called Strike
1-2: Fly out, F8 (Flyball, 8LXD, EV 89.4 MPH)
Batting: RHB Daniel MacKinder 0-0: Ball
1-0: Called Strike
1-1: Ball
2-1: Foul Ball, location: 2F
2-2: Ball
3-2: Strikes out swinging
Bottom of the 3rd over - 0 runs, 0 hits, 0 errors, 0 left on base; Lancaster 0 - Virginia Beach 0
TOP OF THE 4TH
Lancaster Farmers batting - Pitching for Virginia Beach Whales : LHP Remco Mansvelt
Batting: RHB Archie Pittman 0-0: Ball
1-0: Ball
2-0: Ball
3-0: Called Strike
3-1: Base on Balls
Batting: RHB António Andrés 0-0: Grounds into double play, 6-4-3 (Groundball, 6, EV 82.5 MPH)
Batting: LHB Alex Joly 0-0: Ball
1-0: DOUBLE (Flyball, 78D, EV 105.6 MPH)
Batting: RHB Gonzalo Perales 0-0: Ball
1-0: Foul Ball, location: 2F
1-1: Ball
2-1: Ground out 5-3 (Groundball, 5L, EV 85.6 MPH)
Top of the 4th over - 0 runs, 1 hit, 0 errors, 1 left on base; Lancaster 0 - Virginia Beach 0
BOTTOM OF THE 4TH
Virginia Beach Whales batting - Pitching for Lancaster Farmers : RHP John Jamieson
Batting: RHB Nick Harper 0-0: Called Strike
0-1: Ball
1-1: Foul Ball, location: 2F
1-2: Strikes out swinging
Batting: RHB Óscar Cardozo 0-0: Ball
1-0: Ground out 5-3 (Groundball, 56, EV 88.8 MPH)
Batting: RHB Todd Walker 0-0: Foul Ball, location: 2F
0-1: Fly out, F9 (Flyball, 89M, EV 89.4 MPH)
Bottom of the 4th over - 0 runs, 0 hits, 0 errors, 0 left on base; Lancaster 0 - Virginia Beach 0
TOP OF THE 5TH
Lancaster Farmers batting - Pitching for Virginia Beach Whales : LHP Remco Mansvelt
Batting: RHB Jorge Núñez 0-0: Ball
1-0: Called Strike
1-1: Ball
2-1: Called Strike
2-2: Strikes out swinging
Batting: RHB Nick O'Quigley 0-0: Ball
1-0: Foul Ball, location: 2F
1-1: Called Strike
1-2: Strikes out looking
Batting: RHB Fabrice Boyer 0-0: Ground out 4-3 (Groundball, 4, EV 79.4 MPH)
Top of the 5th over - 0 runs, 0 hits, 0 errors, 0 left on base; Lancaster 0 - Virginia Beach 0
BOTTOM OF THE 5TH
Virginia Beach Whales batting - Pitching for Lancaster Farmers : RHP John Jamieson
Batting: RHB Paul Pitts 0-0: Ball
1-0: Ball
2-0: Ball
3-0: Base on Balls
Batting: LHB Asberry Harpending 0-0: Ball
Paul Pitts steals 2nd base
1-0: Foul Ball, location: 2F
1-1: Ball
2-1: Ball
3-1: SINGLE (Groundball, 3D, EV 95.0 MPH)
Paul Pitts to third
Batting: RHB Juan Oleastro 0-0: Ball
1-0: Fly out, F8 (Flyball, 8RM, EV 98.8 MPH)
Runner from 3rd tags up, SCORES, throw by CF
Batting: RHB Jessie Gibbs 0-0: Called Strike
0-1: Foul Ball, location: 2F
0-2: Ball
1-2: Strikes out swinging
Batting: RHB Roberto González 0-0: Swinging Strike
0-1: Ball
1-1: Ball
2-1: Swinging Strike
2-2: Foul Ball, location: 2F
2-2: Strikes out looking
Bottom of the 5th over - 1 run, 1 hit, 0 errors, 1 left on base; Lancaster 0 - Virginia Beach 1
TOP OF THE 6TH
Lancaster Farmers batting - Pitching for Virginia Beach Whales : LHP Remco Mansvelt
Batting: RHB Raúl Bravo 0-0: Ball
1-0: Ball
2-0: Fly out, F8 (Line Drive, 8LM, EV 106.9 MPH)
Batting: LHB Conrad Overdevest 0-0: Ball
1-0: Ball
2-0: Ball
3-0: Called Strike
3-1: Swinging Strike
3-2: Strikes out looking
Batting: RHB Archie Pittman 0-0: Ball
1-0: Ball
2-0: Ball
3-0: Called Strike
3-1: Fly out, F7 (Flyball, 7LD, EV 98.8 MPH)
Top of the 6th over - 0 runs, 0 hits, 0 errors, 0 left on base; Lancaster 0 - Virginia Beach 1
BOTTOM OF THE 6TH
Virginia Beach Whales batting - Pitching for Lancaster Farmers : RHP John Jamieson
Batting: RHB Daniel MacKinder 0-0: Called Strike
0-1: Ball
1-1: Ball
2-1: Called Strike
2-2: Fly out, F9 (Line Drive, 9D, EV 90.6 MPH)
Batting: RHB Nick Harper 0-0: Ball
1-0: Bunt for hit to P - play at first, batter OUT! 1-3
Batting: RHB Óscar Cardozo 0-0: Foul Ball, location: 2F
0-1: Ball
1-1: Ball
2-1: Foul Ball, location: 2F
2-2: Ball
3-2: Base on Balls
Batting: RHB Todd Walker 0-0: Ball
Óscar Cardozo steals 2nd base
1-0: Called Strike
1-1: Foul Ball, location: 2F
1-2: Fly out, F4 (Popup, 4M, EV 56.2 MPH)
Bottom of the 6th over - 0 runs, 0 hits, 0 errors, 1 left on base; Lancaster 0 - Virginia Beach 1
TOP OF THE 7TH
Lancaster Farmers batting - Pitching for Virginia Beach Whales : LHP Remco Mansvelt
Pitching: LHP Calvin Blackburn
Batting: RHB António Andrés 0-0: Foul Ball, location: 2F
0-1: Ground out 1-3 (Groundball, 15, EV 88.1 MPH)
Batting: LHB Alex Joly 0-0: Called Strike
0-1: Ball
1-1: Foul Ball, location: 2F
1-2: Strikes out swinging
Batting: RHB Gonzalo Perales 0-0: Ball
1-0: SINGLE (Groundball, 56D, EV 100.6 MPH)
Pitching: RHP Javier Iturburua
Pinch Hitting: LHB Eugene Walker 0-0: DOUBLE (Line Drive, 89M, EV 90.0 MPH)
Gonzalo Perales to third
Runner from 3rd tries for Home, SAFE, throw by RF to home
Batting: RHB Nick O'Quigley 0-0: Called Strike
0-1: Called Strike
0-2: Ball
1-2: Strikes out swinging
Top of the 7th over - 1 run, 2 hits, 0 errors, 1 left on base; Lancaster 1 - Virginia Beach 1
BOTTOM OF THE 7TH
Virginia Beach Whales batting - Pitching for Lancaster Farmers : RHP John Jamieson
Now at 1B: Tim Smith
Batting: RHB Paul Pitts 0-0: Ball
1-0: Ball
2-0: Ball
3-0: Base on Balls
Batting: LHB Asberry Harpending 0-0: Ball
1-0: Ball
2-0: Foul Ball, location: 2F
2-1: Ball
3-1: Swinging Strike
3-2: Foul Ball, location: 2F
3-2: Strikes out swinging
Paul Pitts is caught stealing 2nd base 2-6
Batter strikes out.
Batting: RHB Juan Oleastro 0-0: Ball
1-0: Swinging Strike
1-1: Ball
2-1: Ball
3-1: Base on Balls
Pitching: LHP Virgil Cook
Batting: RHB Jessie Gibbs 0-0: Called Strike
0-1: Called Strike
0-2: SINGLE (Flyball, 9S, EV 90.0 MPH)
Juan Oleastro to second
Runner from 2nd tries for 3rd, SAFE, throw by RF made to third
Batting: RHB Roberto González 0-0: Called Strike
0-1: Called Strike
0-2: Ball
1-2: Ball
2-2: Ball
3-2: Base on Balls
Jessie Gibbs to second
Batting: RHB Daniel MacKinder 0-0: Swinging Strike
0-1: Ball
1-1: Ball
2-1: DOUBLE (Line Drive, 3D, EV 101.9 MPH)
Juan Oleastro scores
Jessie Gibbs scores
Roberto González to third
Runner from 3rd tries for Home, SAFE, throw by RF to trailing runner, SAFE at third!
Batting: RHB Nick Harper 0-0: Hit by Pitch
Batting: RHB Óscar Cardozo 0-0: Ball
1-0: Fly out, F9 (Flyball, 9S, EV 85.6 MPH)
Bottom of the 7th over - 3 runs, 2 hits, 0 errors, 2 left on base; Lancaster 1 - Virginia Beach 4
TOP OF THE 8TH
Lancaster Farmers batting - Pitching for Virginia Beach Whales : RHP Javier Iturburua
Batting: RHB Fabrice Boyer 0-0: Ball
1-0: Ball
2-0: Swinging Strike
2-1: Ball
3-1: Called Strike
3-2: Fly out, F9 (Flyball, 9S, EV 85.6 MPH)
Batting: RHB Raúl Bravo 0-0: Ball
1-0: Swinging Strike
1-1: Ball
2-1: Ball
3-1: Ground out 6-3 (Groundball, 56, EV 85.6 MPH)
Batting: LHB Conrad Overdevest 0-0: Foul Ball, location: 2F
0-1: Ball
1-1: Fly out, F6 (Popup, 6MS, EV 82.5 MPH)
Top of the 8th over - 0 runs, 0 hits, 0 errors, 0 left on base; Lancaster 1 - Virginia Beach 4
BOTTOM OF THE 8TH
Virginia Beach Whales batting - Pitching for Lancaster Farmers : LHP Virgil Cook
Batting: RHB Todd Walker 0-0: Called Strike
0-1: Foul Ball, location: 2F
0-2: Ball
1-2: Strikes out swinging
Batting: RHB Paul Pitts 0-0: Ball
1-0: Fly out, F7 (Flyball, 7S, EV 86.2 MPH)
Batting: LHB Asberry Harpending 0-0: Ball
1-0: Ball
2-0: Ball
3-0: Called Strike
3-1: Swinging Strike
3-2: SINGLE (Groundball, 6D, EV 103.1 MPH)
Batting: RHB Juan Oleastro 0-0: Ball
1-0: Fly out, F8 (Flyball, 89M, EV 88.8 MPH)
Bottom of the 8th over - 0 runs, 1 hit, 0 errors, 1 left on base; Lancaster 1 - Virginia Beach 4
TOP OF THE 9TH
Lancaster Farmers batting - Pitching for Virginia Beach Whales : RHP Javier Iturburua
Pitching: RHP Martin Rumbolt
Batting: RHB Archie Pittman 0-0: SINGLE (Line Drive, 78M, EV 90.0 MPH)
Batting: RHB António Andrés 0-0: Swinging Strike
0-1: Ball
1-1: Ball
2-1: Called Strike
2-2: Strikes out swinging
Batting: LHB Alex Joly Pickoff Throw to First - Error! E1
Archie Pittman to second
0-0: Called Strike
0-1: Swinging Strike
0-2: SINGLE (Groundball, 34D, EV 95.0 MPH)
Archie Pittman to third
Pinch Hitting: LHB Robert Shannon 0-0: Fly out, F9 (Flyball, 9S, EV 86.9 MPH)
Pinch Hitting: SHB Raúl Miranda 0-0: Ball
1-0: Called Strike
1-1: Ball
2-1: Ball
3-1: Ground out 4-3 (Groundball, 4S, EV 83.1 MPH)
Top of the 9th over - 0 runs, 2 hits, 1 error, 2 left on base; Lancaster 1 - Virginia Beach 4
Friday, March 26th, 2021 - OOTP Baseball 20.8 Build 74